[Event "Titled Tuesday Blitz September 27 Early 2022"]
[White "Odegov, Artem"]
[Black "Zong, Davis"]
[WhiteFideId "34183644"]
[BlackFideId "30903955"]
[WhiteElo "2286"]
[BlackElo "2061"]
[Result "1/2-1/2"]
[Round "10"]
[TimeControl "180+1"]
[Date "2022.09.27"]
[WhiteClock "0:00:34"]
[BlackClock "0:00:15"]

1. d4 d5 2. c4 c6 3. Nf3 Nf6 4. Nc3 e6 5. Bg5 dxc4 6. e4 b5 7. e5 h6 8. Bh4 g5 9. Nxg5 hxg5 10. Bxg5 Nbd7 11. g3 Bb7 12. Bg2 Bh6 13. Bxh6 Rxh6 14. exf6 Nxf6 15. Nxb5 cxb5 16. Bxb7 Rb8 17. Bg2 Rb6 18. O-O Rd6 19. Qe2 Kf8 20. Rad1 Rxd4 21. Rxd4 Qxd4 22. Rd1 Qc5 23. Qd2 Kg7 24. h4 Rh5 25. Bf3 Re5 26. Kg2 b4 27. Rc1 Nd5 28. h5 c3 29. bxc3 bxc3 30. h6+ Kh8 31. Qd3 Rg5 32. Bxd5 Qxd5+ 33. Qxd5 Rxd5 34. Rxc3 Ra5 35. Rc7 Kg8 36. g4 Kh7 37. Rxf7+ Kxh6 38. Kg3 Kg6 39. Re7 Kf6 40. Rb7 Rxa2 41. f3 a5 42. Ra7 a4 43. Kf4 a3 44. Ra6 Ra1 45. g5+ Kf7 46. Ra7+ Kg6 47. Ra6 Kf7 48. g6+ Kxg6 49. Rxe6+ Kf7 50. Ra6 a2 51. Ra3 Kf6 52. Ra5 Ke6 53. Ra6+ Kf7 54. Ra4 Kf6 55. Ra5 Ke6 56. Re5+ Kf6 57. Re2 Kg6 58. Ke5 Rf1 59. Rg2+ Kf7 60. Rxa2 Rxf3 61. Ra6 Re3+ 62. Kf5 Re1 63. Ra7+ Kf8 64. Kg6 Rg1+ 65. Kf6 Rf1+ 66. Ke6 Re1+ 67. Kd6 Rd1+ 68. Ke5 Re1+ 69. Kf5 Rf1+ 70. Ke4 Re1+ 71. Kf3 Re7 72. Ra8+ Kf7 73. Ra4 Re6 74. Kf4 Rb6 75. Ke5 Rb5+ 76. Kd6 Rh5 77. Rf4+ Kg6 78. Ke6 Rh1 79. Rg4+ Kh5 80. Rg8 Re1+ 81. Kf5 Rf1+ 82. Ke4 Rf2 83. Ke3 Rf1 84. Ke2 Rf7 85. Rg1 Kh6 86. Ke3 Kh5 87. Ke4 Kh4 88. Ke5 Kh5 89. Rg2 Rf1 90. Ke6 Rf3 91. Ke7 Rf1 92. Rg8 Rf3 93. Rh8+ Kg6 94. Ke6 Re3+ 95. Kd5 Re1 96. Rh2 Re3 97. Kd4 Re1 98. Kd3 Re8 99. Kd2 Kf5 100. Re2 Rxe2+ 101. Kxe2 1/2-1/2


[Site "https://www.chess.com"]

[Event "Titled Tuesday Blitz September 27 Early 2022"]
[White "Omariev, Maksim"]
[Black "Ciuffoletti, Paolo"]
[WhiteFideId "4193423"]
[BlackFideId "807630"]
[WhiteElo "2384"]
[BlackElo "2143"]
[Result "1-0"]
[Round "10"]
[TimeControl "180+1"]
[Date "2022.09.27"]
[WhiteClock "0:00:49"]
[BlackClock "0:00:21"]

1. h4 d5 2. h5 h6 3. d4 c5 4. c3 Nc6 5. Nf3 Nf6 6. dxc5 Ne4 7. b4 a5 8. Qb3 e6 9. e3 Be7 10. Bb2 Bf6 11. a3 axb4 12. cxb4 Bxb2 13. Qxb2 O-O 14. Nbd2 f5 15. Bb5 Qc7 16. Nxe4 fxe4 17. Nh4 Ne5 18. Be2 Bd7 19. Rc1 Ba4 20. Rh3 Rf5 21. Nxf5 exf5 22. Qd4 Rf8 23. Qxd5+ Kh8 24. Rg3 Rd8 25. Qe6 Nd3+ 26. Bxd3 exd3 27. Kd2 f4 28. Rg6 fxe3+ 29. fxe3 Bc2 30. Rf1 Ba4 31. Rf7 1-0


[Site "https://www.chess.com"]

[Event "Titled Tuesday Blitz September 27 Early 2022"]
[White "Oparin, Grigoriy"]
[Black "Bharath Subramaniyam H"]
[WhiteFideId "24125890"]
[BlackFideId "46634827"]
[WhiteElo "2639"]
[BlackElo "2346"]
[Result "1-0"]
[Round "10"]
[TimeControl "180+1"]
[Date "2022.09.27"]
[WhiteClock "0:00:12"]
[BlackClock "0:00:04"]

1. d4 d5 2. c4 e6 3. Nf3 c6 4. g3 Nf6 5. Bg2 dxc4 6. a4 Bb4+ 7. Bd2 Be7 8. O-O O-O 9. Qc1 a5 10. Qxc4 Na6 11. Rd1 Nb4 12. Ne5 Nfd5 13. e4 Nb6 14. Qc3 Bd7 15. b3 Rc8 16. Be3 Be8 17. Na3 Qc7 18. Nac4 Nxc4 19. Nxc4 b5 20. Nd2 bxa4 21. bxa4 c5 22. Rdc1 Bc6 23. Nb3 cxd4 24. Bxd4 f6 25. Bh3 Qd7 26. Qe3 Kh8 27. Nc5 Bxc5 28. Bxc5 Rfe8 29. Bxb4 axb4 30. a5 Rb8 31. Rcb1 Rb5 32. a6 Ra8 33. Bf1 Rbb8 34. Rb2 Qd6 35. Rab1 Bb5 36. Rxb4 Bxf1 37. Rxb8+ Rxb8 38. Rxb8+ Qxb8 39. a7 Qa8 40. Qb6 h6 41. Qb8+ 1-0


[Site "https://www.chess.com"]

[Event "Titled Tuesday Blitz September 27 Early 2022"]
[White "Ozen, Bahadir"]
[Black "Tomaszewski, Kacper"]
[WhiteFideId "6337058"]
[BlackFideId "1127373"]
[WhiteElo "2503"]
[BlackElo "2133"]
[Result "1/2-1/2"]
[Round "10"]
[TimeControl "180+1"]
[Date "2022.09.27"]
[WhiteClock "0:00:35"]
[BlackClock "0:00:08"]

1. g3 g6 2. Bg2 Bg7 3. Nf3 d5 4. O-O e5 5. d3 Nc6 6. e4 Nge7 7. c3 O-O 8. b4 a6 9. Bb2 Be6 10. Ng5 Bc8 11. Nf3 Be6 12. Nbd2 h6 13. a4 f5 14. b5 Na5 15. exd5 Nxd5 16. c4 e4 17. Bxg7 exf3 18. Qxf3 Kxg7 19. cxd5 Bd7 20. Rfc1 axb5 21. axb5 Bxb5 22. Qf4 c6 23. Rab1 Kh7 24. d4 Rf7 25. dxc6 Bxc6 26. Nf3 Be4 27. Ne5 g5 28. Nxf7 gxf4 29. Nxd8 Bxb1 30. Rxb1 Rxd8 31. Rb5 Nc4 32. Rxf5 Rxd4 33. Bxb7 Nd6 34. Rc5 fxg3 35. Rc7+ Kg6 36. hxg3 Nxb7 37. Rxb7 h5 38. Rb6+ Kg5 39. Rb5+ Kg4 40. Kg2 Rd2 41. Ra5 Rc2 42. Rd5 Rb2 43. Rc5 Ra2 44. Rc4+ Kg5 45. Rf4 Rb2 46. Rf8 Ra2 47. Kh3 Ra1 48. Rg8+ Kh6 49. f4 Rh1+ 50. Kg2 Ra1 51. Rg5 Ra2+ 52. Kf3 Ra3+ 53. Ke4 Ra4+ 54. Kf5 Ra5+ 55. Kf6 Ra6+ 56. Kf7 Ra7+ 57. Ke8 Ra8+ 58. Kd7 Ra7+ 59. Kd6 Ra6+ 60. Ke7 Ra7+ 61. Kf6 Ra6+ 62. Kf7 Ra7+ 63. Ke8 Ra8+ 64. Kd7 Ra7+ 65. Kc6 Ra6+ 66. Kb7 Ra4 67. Rf5 Ra3 68. Rg5 Ra4 69. Kc6 h4 70. gxh4 Rxf4 71. Rd5 Rxh4 72. Kc5 Rh5 73. Kc4 Rxd5 74. Kxd5 1/2-1/2


[Site "https://www.chess.com"]

[Event "Titled Tuesday Blitz September 27 Early 2022"]
[White "Pacheco Lugo, Alejandro Jose"]
[Black "Bilan, Danila"]
[WhiteFideId "3903745"]
[BlackFideId "24161918"]
[WhiteElo "2146"]
[BlackElo "2164"]
[Result "0-1"]
[Round "10"]
[TimeControl "180+1"]
[Date "2022.09.27"]
[WhiteClock "0:00:01"]
[BlackClock "0:00:48"]

1. e4 c6 2. d4 d5 3. e5 c5 4. dxc5 Nc6 5. f4 e6 6. Be3 Nh6 7. c3 Be7 8. Nf3 O-O 9. Nbd2 Nf5 10. Bf2 f6 11. exf6 Bxf6 12. Bd3 Qc7 13. g3 e5 14. fxe5 Nxe5 15. Nxe5 Bxe5 16. O-O Bd7 17. Nf3 Bf6 18. Nd4 Nh6 19. Bc2 Ng4 20. Qd3 g6 21. b4 Rf7 22. Be3 Nxe3 23. Qxe3 Raf8 24. Rae1 Bh3 25. Rxf6 Rxf6 26. Bd3 Qf7 27. Qe2 Rf2 0-1


[Site "https://www.chess.com"]

[Event "Titled Tuesday Blitz September 27 Early 2022"]
[White "Player, Edmund C"]
[Black "Ovezdurdyyeva, Jemal"]
[WhiteFideId "406520"]
[BlackFideId "14001888"]
[WhiteElo "2092"]
[BlackElo "1946"]
[Result "0-1"]
[Round "10"]
[TimeControl "180+1"]
[Date "2022.09.27"]
[WhiteClock "0:00:23"]
[BlackClock "0:00:28"]

1. e4 d6 2. d4 Nf6 3. Nc3 g6 4. Nf3 Bg7 5. Be2 c6 6. O-O O-O 7. Bf4 b5 8. a3 a5 9. e5 Ne8 10. Qc1 Nd7 11. Re1 Bb7 12. b4 Nb6 13. Bh6 Nc4 14. Bxc4 bxc4 15. Bxg7 Nxg7 16. Qe3 Nf5 17. Qf4 axb4 18. axb4 Qb6 19. g4 Ng7 20. Qh6 f6 21. exf6 exf6 22. Re7 Rxa1+ 23. Kg2 Rf7 24. Rxf7 Kxf7 25. Ne4 c5 26. Neg5+ fxg5 27. Qxh7 Qc6 28. Qh3 Qxf3+ 29. Qxf3+ Bxf3+ 30. Kxf3 cxb4 31. Ke4 b3 32. Kd5 bxc2 33. f4 c1=Q 34. fxg5 Qxg5+ 35. Kxd6 Qxg4 36. d5 Rd1 37. Kc5 Qd4+ 38. Kb4 Qxd5 39. h4 c3 40. h5 c2 41. hxg6+ Kf6 42. Kc3 Rd3+ 43. Kb2 c1=Q+ 44. Kxc1 Qc4+ 45. Kb2 Rb3+ 46. Ka1 Qa4# 0-1


[Site "https://www.chess.com"]

[Event "Titled Tuesday Blitz September 27 Early 2022"]
[White "Poltorak, Sebastian"]
[Black "Sztokbant, Bernardo Vainzoff"]
[WhiteFideId "1199498"]
[BlackFideId "2115956"]
[WhiteElo "2104"]
[BlackElo "2172"]
[Result "1-0"]
[Round "10"]
[TimeControl "180+1"]
[Date "2022.09.27"]
[WhiteClock "0:00:05"]
[BlackClock "0:00:02"]

1. e4 c5 2. Nf3 e6 3. g3 Nc6 4. Bg2 d5 5. exd5 exd5 6. d4 Nf6 7. O-O Be7 8. dxc5 O-O 9. Be3 Ne4 10. Nc3 Nxc3 11. bxc3 Qa5 12. Qxd5 Qxc3 13. Qe4 g6 14. Nd4 Nxd4 15. Bxd4 Qc4 16. Qd3 Be6 17. Qxc4 Bxc4 18. Rfe1 Bg5 19. Bxb7 Rad8 20. Be5 f6 21. Bd6 Rf7 22. Bg2 Bd2 23. Re7 a5 24. Rd1 Bb4 25. Rxf7 Kxf7 26. Bd5+ Bxd5 27. Rxd5 Ke6 28. Rd4 f5 29. f4 Rc8 30. Kf2 Bxc5 31. Bxc5 Rxc5 32. c4 Rc8 33. Ke3 Rb8 34. Rd2 Rb4 35. Kd4 Kd6 36. Re2 Ra4 37. Rb2 Kc6 38. Rb8 Rxa2 39. Rc8+ Kb7 40. Rh8 Rxh2 41. Kc5 Rh3 42. Kb5 a4 43. Kxa4 Rxg3 44. Kb5 Rb3+ 45. Kc5 h5 46. Rh6 Rg3 47. Rh7+ Ka6 48. Kc6 Rg4 49. Rh8 Ka5 50. c5 Rxf4 51. Ra8+ Kb4 52. Rb8+ Kc4 53. Rg8 Rg4 54. Ra8 Kd3 55. Kd6 h4 56. c6 Rd4+ 57. Ke5 Rc4 58. Ra3+ Kc2 59. Kd5 Rc3 60. Rxc3+ Kxc3 61. c7 h3 62. c8=Q+ Kd2 63. Qh8 h2 64. Qxh2+ 1-0


[Site "https://www.chess.com"]

[Event "Titled Tuesday Blitz September 27 Early 2022"]
[White "Pourkashiyan, Atousa"]
[Black "Shashikant, Kutwal"]
[WhiteFideId "12502014"]
[BlackFideId "5006520"]
[WhiteElo "2247"]
[BlackElo "2321"]
[Result "0-1"]
[Round "10"]
[TimeControl "180+1"]
[Date "2022.09.27"]
[WhiteClock "0:00:11"]
[BlackClock "0:00:06"]

1. e4 c5 2. Nf3 d6 3. d4 cxd4 4. Nxd4 Nf6 5. Nc3 Nc6 6. Be2 e5 7. Nf3 Be7 8. O-O O-O 9. h3 Be6 10. Bg5 Qa5 11. Qd2 h6 12. Bxf6 Bxf6 13. Nd5 Bxd5 14. Qxa5 Nxa5 15. exd5 e4 16. Nd2 e3 17. fxe3 Bxb2 18. Rab1 Ba3 19. Ne4 Rae8 20. Bd3 f5 21. Nc3 g6 22. e4 f4 23. Kh1 g5 24. Na4 b6 25. Nc3 Bc5 26. Nb5 Re7 27. c3 Be3 28. Nd4 Ref7 29. Nf5 Rf6 30. Nxe3 fxe3 31. Rxf6 Rxf6 32. Re1 Rf2 33. a4 Nb7 34. Rxe3 Nc5 35. e5 dxe5 36. d6 Kf8 37. Bb5 Rd2 38. Rf3+ Kg7 39. Re3 e4 40. d7 Kf6 41. Kh2 Ke5 42. Kg3 Nxd7 43. Bxd7 Rxd7 44. Kg4 Rd3 45. Re1 Rxc3 46. Kh5 Rc6 47. g4 Kf4 48. Rf1+ Ke3 49. Re1+ Kf3 50. h4 gxh4 51. Kxh4 e3 52. Kh5 e2 53. Ra1 Kf2 54. Ra2 Re6 55. a5 Kf3 56. Ra3+ Ke4 57. Ra1 Kd4 58. g5 hxg5 59. Ra4+ Kc5 60. Ra1 e1=Q 61. Kg4 Qxa1 62. Kf5 bxa5 63. Kxg5 Qe5+ 64. Kg4 Rd6 0-1


[Site "https://www.chess.com"]

[Event "Titled Tuesday Blitz September 27 Early 2022"]
[White "Przybylski, Wojciech"]
[Black "Navarrete Mendez, Gonzalo Alberto"]
[WhiteFideId "1117599"]
[BlackFideId "5106850"]
[WhiteElo "2133"]
[BlackElo "2261"]
[Result "1-0"]
[Round "10"]
[TimeControl "180+1"]
[Date "2022.09.27"]
[WhiteClock "0:00:07"]
[BlackClock "0:00:04"]

1. e4 e5 2. Nf3 Nc6 3. Bb5 a6 4. Ba4 d6 5. h3 Bd7 6. c3 Nge7 7. O-O Ng6 8. Re1 Be7 9. d4 O-O 10. Be3 f5 11. exf5 Bxf5 12. Bxc6 bxc6 13. dxe5 Qd7 14. Kh2 h6 15. Na3 Rf7 16. Nc4 Raf8 17. b4 Bxh3 18. Nd4 Bxg2 19. e6 Qc8 20. exf7+ Rxf7 21. Kxg2 d5 22. Qh5 Nh4+ 23. Kf1 dxc4 24. Ke2 Rf5 25. Nxf5 Nxf5 26. Rad1 Qe6 27. Kd2 Qf6 28. Qe2 Bxb4 29. Rc1 Ba3 30. Qxc4+ Kh8 31. Rcd1 Nd6 32. Qd3 Qe6 33. Ra1 Ne4+ 34. Kc2 Nf6 35. Bd4 Qf7 36. Bxf6 Qxf6 37. Re8+ Bf8 38. Rf1 Qf7 39. Rxf8+ Qxf8 40. Qe4 Qf7 41. Kb2 Qf8 42. f4 Qb8+ 43. Ka1 Qb5 44. Re1 Kg8 45. Qe8+ Kh7 46. Qe4+ Kg8 47. f5 Qc5 48. Qe8+ Kh7 49. Qg6+ Kg8 50. Re8+ Qf8 51. Qe6+ Kh7 52. Rxf8 1-0


[Site "https://www.chess.com"]

[Event "Titled Tuesday Blitz September 27 Early 2022"]
[White "Pultinevicius, Paulius"]
[Black "Wirig, Anthony"]
[WhiteFideId "12809390"]
[BlackFideId "615013"]
[WhiteElo "2472"]
[BlackElo "2474"]
[Result "0-1"]
[Round "10"]
[TimeControl "180+1"]
[Date "2022.09.27"]
[WhiteClock "0:00:10"]
[BlackClock "0:00:14"]

1. d4 Nf6 2. c4 e6 3. Nf3 Bb4+ 4. Bd2 Bxd2+ 5. Qxd2 d5 6. Nc3 O-O 7. e3 Qe7 8. Be2 Rd8 9. Qc2 dxc4 10. Bxc4 c5 11. dxc5 Qxc5 12. Bd3 Nc6 13. a3 Ne5 14. Nxe5 Qxe5 15. O-O Bd7 16. Rad1 Ng4 17. g3 Qh5 18. h4 Ne5 19. Be4 Bc6 20. Kg2 Qf5 21. Qb1 Bxe4+ 22. Qxe4 Qxe4+ 23. Nxe4 Kf8 24. Rc1 Rac8 25. b3 Ke7 26. f4 Ng4 27. Rce1 Rd3 28. f5 Nxe3+ 29. Rxe3 Rxe3 30. f6+ gxf6 31. Nxf6 Rc2+ 32. Kh3 Rcc3 33. Nxh7 Rxg3+ 34. Kh2 Rh3+ 35. Kg2 Rcg3+ 36. Kf2 Rf3+ 37. Kg2 Rxf1 38. Kxh3 Rf3+ 39. Kg4 Rxb3 40. Ng5 f6 41. Nf3 Rxa3 42. h5 Kf7 0-1


[Site "https://www.chess.com"]

[Event "Titled Tuesday Blitz September 27 Early 2022"]
[White "Ravi, Thandalam Shanmugam"]
[Black "Thiel, Thomas"]
[WhiteFideId "5000238"]
[BlackFideId "4615964"]
[WhiteElo "2063"]
[BlackElo "2216"]
[Result "1-0"]
[Round "10"]
[TimeControl "180+1"]
[Date "2022.09.27"]
[WhiteClock "0:01:02"]
[BlackClock "0:00:25"]

1. e4 d5 2. exd5 Nf6 3. d4 Nxd5 4. Nf3 g6 5. Be2 Bg7 6. O-O O-O 7. c4 Nb6 8. b3 Nc6 9. Bb2 Bg4 10. Na3 Bxf3 11. Bxf3 Nxd4 12. Bxb7 Rb8 13. Be4 c5 14. Rb1 a6 15. Nc2 e5 16. Nxd4 exd4 17. Qf3 Qf6 18. Qxf6 Bxf6 19. Rfe1 Rfe8 20. Bc6 Rxe1+ 21. Rxe1 a5 22. Ba3 Rc8 23. Bb7 Rc7 24. Re8+ Kg7 25. Be4 a4 26. Rb8 axb3 27. Rxb6 bxa2 28. Bb2 Ra7 29. Ba1 Re7 30. f3 Be5 31. Ra6 f5 32. Bd3 Bf4 33. Rxa2 Re3 34. Bf1 Rb3 35. g3 Be3+ 36. Kg2 Rb1 37. Bb2 Kh6 38. Ba3 Rd1 39. Bxc5 1-0


[Site "https://www.chess.com"]

[Event "Titled Tuesday Blitz September 27 Early 2022"]
[White "Rios Escobar, Adan"]
[Black "Schill, William"]
[WhiteFideId "3403645"]
[BlackFideId "2016710"]
[WhiteElo "2326"]
[BlackElo "1958"]
[Result "1-0"]
[Round "10"]
[TimeControl "180+1"]
[Date "2022.09.27"]
[WhiteClock "0:00:41"]
[BlackClock "0:00:14"]

1. d4 Nf6 2. g3 g6 3. Bg2 Bg7 4. e4 d6 5. Ne2 O-O 6. O-O c6 7. a4 e5 8. h3 Qc7 9. Nbc3 Na6 10. Be3 Re8 11. g4 exd4 12. Bxd4 Nd7 13. Bxg7 Kxg7 14. Qd4+ Kg8 15. Rad1 Qb6 16. b3 Qxd4 17. Rxd4 d5 18. exd5 c5 19. Re4 Rxe4 20. Nxe4 Nb4 21. c4 b6 22. N2c3 Rb8 23. Nb5 Ne5 24. Nxa7 Ned3 25. Kh2 Bd7 26. Nf6+ 1-0


[Site "https://www.chess.com"]

[Event "Titled Tuesday Blitz September 27 Early 2022"]
[White "Rivas Garcia, Victor"]
[Black "Jaskolka, Tomasz"]
[WhiteFideId "2217740"]
[BlackFideId "1170791"]
[WhiteElo "2322"]
[BlackElo "2073"]
[Result "0-1"]
[Round "10"]
[TimeControl "180+1"]
[Date "2022.09.27"]
[WhiteClock "0:00:51"]
[BlackClock "0:01:08"]

1. e4 c5 2. Nc3 e6 3. Nge2 Nc6 4. g3 Nf6 5. Bg2 d5 6. exd5 exd5 7. d4 cxd4 8. Nxd4 Bg4 9. Qd3 Bc5 10. Be3 Nxd4 11. Bxd4 Qe7+ 12. Kd2 O-O 13. Rae1 Qd6 14. Kc1 a6 15. f4 Rfe8 16. Bxf6 Qxf6 17. Nxd5 Qd6 18. h3 Be6 19. f5 Bxd5 20. Bxd5 Red8 21. c4 b5 22. Rd1 bxc4 23. Bxc4 Qh6+ 24. Kb1 Rxd3 25. Rxd3 a5 26. Rd7 Qc6 27. Rhd1 Rf8 28. g4 h6 29. h4 Be3 30. b3 Bf2 31. g5 Bxh4 32. g6 Bf6 33. gxf7+ Kh7 34. R7d6 Qe4+ 35. Bd3 Qe5 36. Rxf6 Qxf6 37. Bc4 Rxf7 0-1


[Site "https://www.chess.com"]

[Event "Titled Tuesday Blitz September 27 Early 2022"]
[White "Roque Sola, Jose Luis"]
[Black "Zheenbekov, Nurgazy"]
[WhiteFideId "5120390"]
[BlackFideId "13800485"]
[WhiteElo "1990"]
[BlackElo "1932"]
[Result "0-1"]
[Round "10"]
[TimeControl "180+1"]
[Date "2022.09.27"]
[WhiteClock "0:00:15"]
[BlackClock "0:01:18"]

1. c4 e6 2. Nf3 d5 3. b3 Nf6 4. Bb2 Be7 5. g3 O-O 6. Bg2 c5 7. e3 Nc6 8. cxd5 exd5 9. d4 b6 10. O-O Ba6 11. Re1 Nb4 12. Ne5 cxd4 13. exd4 Rc8 14. Nc3 Bb7 15. a3 Nc6 16. Rc1 a6 17. Nxc6 Bxc6 18. h3 h6 19. Re3 Bd6 20. Qe2 Rc7 21. Qxa6 Re7 22. Rxe7 Bxe7 23. Qe2 Re8 24. Qd2 Bd6 25. Re1 Ne4 26. Nxe4 dxe4 27. d5 Be5 28. Bxe5 Rxe5 29. Rxe4 Rxd5 30. Qe1 Rd1 31. Re8+ Bxe8 0-1


[Site "https://www.chess.com"]

[Event "Titled Tuesday Blitz September 27 Early 2022"]
[White "Rose, Felix"]
[Black "Bashirli, Saadat"]
[WhiteFideId "5105722"]
[BlackFideId "13429990"]
[WhiteElo "2039"]
[BlackElo "1173"]
[Result "1-0"]
[Round "10"]
[TimeControl "180+1"]
[Date "2022.09.27"]
[WhiteClock "0:00:26"]
[BlackClock "0:00:05"]

1. e4 c5 2. Nf3 g6 3. d4 cxd4 4. Nxd4 Nc6 5. c4 Nf6 6. Nc3 Nxd4 7. Qxd4 d6 8. f3 Bg7 9. Be3 O-O 10. Qd2 Be6 11. Rc1 a5 12. b3 Bh8 13. Bd3 Nd7 14. O-O Ne5 15. Rfd1 Qd7 16. Bf1 Rfc8 17. Na4 Rc6 18. Nb6 Rxb6 19. Bxb6 a4 20. Bd4 axb3 21. axb3 Ra3 22. Qb2 Ra8 23. f4 Bg4 24. Rd2 Qc6 25. fxe5 dxe5 26. Bxe5 Bxe5 27. Qxe5 Qb6+ 28. Qd4 Qxb3 29. e5 Be6 30. Rcd1 Kg7 31. Qb2 Qe3+ 32. Kh1 Rc8 33. Qxb7 Qxe5 34. Qxe7 Qf5 35. Qd6 Bxc4 36. Qd4+ Qf6 37. Qxf6+ Kxf6 38. Rc1 Be6 39. Rxc8 Bxc8 40. Bc4 Bf5 41. Kg1 Kg7 42. Kf2 f6 43. Ke3 Kh6 44. Rb2 Kg5 45. Rb7 h5 46. Kf2 Kg4 47. Rb4 Kg5 48. Bf7 Kh6 49. Rb6 Kg7 50. Bb3 g5 51. Rc6 Kg6 52. Bc2 Bxc2 53. Rxc2 f5 54. Rc6+ Kg7 55. Ke3 h4 56. Kd4 g4 57. Ke5 h3 58. gxh3 gxh3 59. Kxf5 Kf7 60. Rc7+ Ke8 61. Ke6 Kd8 62. Rh7 Kc8 63. Kd6 Kb8 64. Kc6 Ka8 65. Kb6 Kb8 66. Rh8# 1-0


[Site "https://www.chess.com"]

[Event "Titled Tuesday Blitz September 27 Early 2022"]
[White "Rosen, Eric"]
[Black "Sadilek, Peter"]
[WhiteFideId "2032562"]
[BlackFideId "1616439"]
[WhiteElo "2362"]
[BlackElo "2145"]
[Result "1-0"]
[Round "10"]
[TimeControl "180+1"]
[Date "2022.09.27"]
[WhiteClock "0:00:08"]
[BlackClock "0:00:02"]

1. d4 g6 2. e4 Bg7 3. Nc3 c5 4. dxc5 Bxc3+ 5. bxc3 Nc6 6. Be3 Nf6 7. f3 Qa5 8. Qd2 O-O 9. Bd3 b6 10. cxb6 axb6 11. Ne2 d5 12. O-O dxe4 13. fxe4 Rd8 14. Qe1 Ne5 15. Nd4 Ba6 16. Bxa6 Qxa6 17. Qh4 Qb7 18. Bg5 Nxe4 19. Bxe7 Re8 20. Bb4 f5 21. a3 Rac8 22. Rae1 Nc6 23. Re2 Nxd4 24. cxd4 Qd5 25. c3 1-0


[Site "https://www.chess.com"]

[Event "Titled Tuesday Blitz September 27 Early 2022"]
[White "Rosenberg, Evan S"]
[Black "Rostomyan, Mikayel"]
[WhiteFideId "2019299"]
[BlackFideId "13313754"]
[WhiteElo "2384"]
[BlackElo "1426"]
[Result "0-1"]
[Round "10"]
[TimeControl "180+1"]
[Date "2022.09.27"]
[WhiteClock "0:01:06"]
[BlackClock "0:01:27"]

1. e4 c5 2. Nc3 Nc6 3. f4 e6 4. Nf3 Nge7 5. e5 Nf5 6. Ne4 b6 7. Bb5 Bb7 8. c3 d5 9. exd6 Nxd6 10. Qa4 Nxb5 11. Qxb5 a6 12. Qe2 Be7 13. O-O O-O 14. Ne5 Qd5 15. Nxc6 Bxc6 16. d3 Rad8 17. Rf3 c4 18. Nf2 cxd3 19. Nxd3 Bb5 0-1


[Site "https://www.chess.com"]

[Event "Titled Tuesday Blitz September 27 Early 2022"]
[White "Spalir, Monika"]
[Black "Rangel, Daniel"]
[WhiteFideId "14609118"]
[BlackFideId "2124475"]
[WhiteElo "2032"]
[BlackElo "2225"]
[Result "0-1"]
[Round "10"]
[TimeControl "180+1"]
[Date "2022.09.27"]
[WhiteClock "0:00:07"]
[BlackClock "0:00:23"]

1. d4 Nf6 2. c4 e6 3. Nf3 d5 4. Nc3 a6 5. cxd5 exd5 6. Bg5 Be7 7. Qc2 O-O 8. e3 Nc6 9. a3 h6 10. Bh4 Be6 11. Bd3 Na5 12. O-O Rc8 13. b4 Nc4 14. Bxc4 dxc4 15. e4 Bg4 16. Ne5 Be6 17. d5 Bd6 18. Bxf6 Qxf6 19. Nxc4 Bd7 20. Nxd6 cxd6 21. Rac1 Rc4 22. Qd2 Rfc8 23. Ne2 Rxe4 24. Rxc8+ Bxc8 25. Qc2 Re8 26. Ng3 Qg5 27. Qd3 h5 28. h3 h4 29. Ne4 Qg6 30. Re1 Re5 31. f4 Rf5 32. Qe3 Rxd5 33. Ng5 Be6 34. Nxe6 fxe6 35. Qxe6+ Qxe6 36. Rxe6 Rd3 37. Re8+ Kf7 38. Rb8 b5 39. Rb7+ Ke6 40. Rxg7 Rxa3 41. Rg6+ Kd5 42. Kf2 Rb3 43. Rg5+ Ke6 44. Rg6+ Kd7 45. Rg7+ Kc6 46. f5 Rxb4 47. Kf3 Rb1 48. f6 Rf1+ 49. Kg4 Rxf6 50. Kxh4 a5 51. g4 a4 52. g5 Rf1 53. Ra7 Rg1 54. Kh5 Kb6 55. Ra8 Kc5 56. g6 Kb4 57. Kh6 a3 58. g7 Kb3 59. g8=Q+ Rxg8 60. Rxg8 a2 61. Ra8 Kb2 62. Kg7 b4 63. h4 b3 64. h5 a1=Q 65. Rxa1 Kxa1 66. h6 b2 67. h7 b1=Q 68. h8=Q Qb2+ 69. Kg8 Qxh8+ 70. Kxh8 d5 0-1


[Site "https://www.chess.com"]

[Event "Titled Tuesday Blitz September 27 Early 2022"]
[White "Runets, Ivan"]
[Black "Domingo Nunez, Ruben"]
[WhiteFideId "13511564"]
[BlackFideId "22245570"]
[WhiteElo "1962"]
[BlackElo "2406"]
[Result "0-1"]
[Round "10"]
[TimeControl "180+1"]
[Date "2022.09.27"]
[WhiteClock "0:00:51"]
[BlackClock "0:00:45"]

1. d4 Nf6 2. c4 c5 3. dxc5 e6 4. Nc3 Bxc5 5. Nf3 a6 6. e3 Nc6 7. Be2 O-O 8. O-O b6 9. b3 Bb7 10. Bb2 Qc7 11. Rc1 Rfd8 12. Qc2 Nb4 13. Qb1 d5 14. cxd5 Nbxd5 15. Nxd5 Nxd5 16. Bd4 Qe7 17. Bxc5 bxc5 18. Qb2 a5 19. Rfd1 a4 20. bxa4 Rxa4 21. Rd2 h6 22. h3 Rda8 23. Ne5 Qf6 24. Qxb7 Qxe5 25. Rxc5 Qa1+ 26. Kh2 Qe5+ 27. g3 Rxa2 28. Rc8+ Kh7 29. Bd3+ f5 30. Qxa8 Rxa8 31. Rxa8 h5 32. Bc4 Nb6 33. Re8 Nxc4 34. Rd4 Nd6 35. Re7 Ne4 36. Kg2 h4 37. gxh4 Qf6 38. Rdd7 Qxh4 39. Rxg7+ Kh8 40. Rge7 Qxf2+ 0-1


[Site "https://www.chess.com"]

[Event "Titled Tuesday Blitz September 27 Early 2022"]
[White "Sai Han Thiha"]
[Black "Hardaway, Brewington"]
[WhiteFideId "13012290"]
[BlackFideId "30941849"]
[WhiteElo "1791"]
[BlackElo "1813"]
[Result "0-1"]
[Round "10"]
[TimeControl "180+1"]
[Date "2022.09.27"]
[WhiteClock "0:00:04"]
[BlackClock "0:00:33"]

1. d4 Nf6 2. c4 g6 3. Nc3 Bg7 4. e4 d6 5. Nf3 O-O 6. Be2 e5 7. Be3 Ng4 8. Bg5 f6 9. Bc1 Nc6 10. O-O exd4 11. Nxd4 Nxd4 12. Qxd4 f5 13. Qd1 Ne5 14. exf5 Bxf5 15. Be3 Kh8 16. Rc1 Qd7 17. Qd2 Ng4 18. Bxg4 Bxg4 19. Bh6 Rae8 20. Nd5 Be6 21. b3 c6 22. Bxg7+ Qxg7 23. Ne3 Rd8 24. Qb4 Qc7 25. Rcd1 Bg8 26. Rd2 Rfe8 27. Rfd1 Re6 28. Qc3+ Qg7 29. Qa5 b6 30. Qb4 Qe7 31. Qa4 Rf8 32. h3 Qc7 33. Qb4 Rff6 34. Qc3 Qg7 35. Ng4 Rf7 36. Qxg7+ Kxg7 37. Rxd6 Rfe7 38. Rxe6 Bxe6 39. Ne5 c5 40. Nc6 Rc7 41. Rd6 Bf5 42. Ne5 Re7 43. f4 Bb1 44. a3 Ba2 45. Rd3 Bb1 46. Rd2 g5 47. g3 gxf4 48. gxf4 Kf6 49. Kf2 Bf5 50. Ke3 Bxh3 51. Rh2 Bf5 52. Rh6+ Kg7 53. Rd6 h5 54. Kf3 h4 55. Rd8 h3 56. Kg3 Kf6 57. Rg8 Rh7 58. Kh2 Rh4 59. Rf8+ Ke6 60. Re8+ Kd6 61. Rd8+ Kc7 62. Ra8 Kb7 63. Rf8 Rxf4 64. Rf7+ Kc8 65. Nc6 Rf2+ 66. Kg3 Rg2+ 67. Kf3 Bg4+ 68. Kf4 Rf2+ 69. Kg3 Rxf7 70. Ne5 Rg7 71. Nxg4 Rxg4+ 72. Kxg4 h2 0-1


[Site "https://www.chess.com"]

[Event "Titled Tuesday Blitz September 27 Early 2022"]
[White "Sanchez Alvares, Kelvin Antonio"]
[Black "Kalajzic, Ivan"]
[WhiteFideId "3906680"]
[BlackFideId "14506378"]
[WhiteElo "2189"]
[BlackElo "2163"]
[Result "1-0"]
[Round "10"]
[TimeControl "180+1"]
[Date "2022.09.27"]
[WhiteClock "0:01:51"]
[BlackClock "0:01:01"]

1. e4 Nc6 2. d4 d5 3. e5 f6 4. exf6 Nxf6 5. Nf3 Bg4 6. c3 e5 7. dxe5 Nxe5 8. Be2 Bxf3 9. Bxf3 c6 10. O-O Bd6 11. Be2 O-O 12. f4 Ng6 13. Bd3 Ne4 14. g3 Qb6+ 15. Kg2 Rae8 16. Nd2 Nc5 17. Bc2 Nxf4+ 18. gxf4 Bxf4 19. Nc4 Ne6 20. Nxb6 axb6 21. Bxf4 Nxf4+ 22. Kh1 g5 23. Qg4 Re5 24. Rae1 h5 25. Rxe5 hxg4 26. Rxg5+ 1-0


[Site "https://www.chess.com"]